Unix NetHack Version 5.0.0-0 post-release - last build May 31 2026 23:59:36 (970b52f25bf058293b47ddfd14a1e40e571c508c,branch:main).

Game began 2026-06-07 16:53:06, ended 2026-06-07 16:54:46.

Enkindle23, chaotic female elven Wizard

                     ----
                   --...-
          -------.......
          |..|.|.....
          |........-
         --......-
----------..<....|
|.@.......G----- |
|..hf-------
----...
   |...-
   |....
   ---.(|
      ---

Enkindle23 the Evoker     St:12 Dx:12 Co:15 In:19 Wi:9 Ch:8  Chaotic
Dlvl:3  $:10 HP:0(17) Pw:9(15) AC:2  Xp:2 T:165 

Latest messages:
 There is a gnome lord corpse here; eat it? [ynq] (n) y
 This gnome lord corpse is tough.
 You stop eating the gnome lord corpse.
 There is a partly eaten gnome lord corpse here; eat it? [ynq] (n) y
 You resume your meal.
 You stop eating the gnome lord corpse.
 The dwarf thrusts her broad short sword.
 The dwarf misses!
 You swap places with your kitten.
 Your kitten eats a partly eaten gnome lord corpse.
 The kitten picks up a blindfold.
 The kitten misses the dwarf.
 The kitten drops a blindfold.
 The kitten misses the dwarf.
 The kitten misses the dwarf.
 The kitten misses the dwarf.
 The kitten misses the dwarf.
 r - a thonged club.
 s - a blindfold.
 The kitten misses the dwarf.
 The kitten misses the dwarf.
 The kitten misses the dwarf.
 The kitten misses it.
 You hit the gnome!
 The kitten misses it.
 You kill the gnome!
 The kitten misses the dwarf.
 The kitten misses the dwarf.
 You see here a lamp.
 The kitten misses the dwarf.
 t - a lamp.
 The kitten misses the dwarf.
 The dwarf thrusts her broad short sword.
 The dwarf hits!
 You miss the dwarf.
 The kitten misses the dwarf.
 The dwarf thrusts her broad short sword.
 The dwarf hits!
 The kitten misses the dwarf.
 In what direction? 3
 The spell misses the dwarf.
 The kitten misses the dwarf.
 The dwarf thrusts her broad short sword.
 The dwarf hits!
 You die...
 Do you want your possessions identified? [ynq] (y) y
 Do you want to see your attributes? [ynq] (y) y
 Do you want an account of creatures vanquished? [ynaq] (y) y
 Do you want to see your conduct and achievements? [ynq] (y) y
 Do you want to see the dungeon overview? [ynq] (y) y

Inventory:
 Coins    ('$')
  $ - 10 gold pieces
 Weapons  (')')
  r - a +0 aklys
  a - a blessed +1 quarterstaff (weapon in hands)
 Armor    ('[')
  b - an uncursed +0 cloak of magic resistance (being worn)
  q - an uncursed +0 crystal plate mail (being worn)
 Scrolls  ('?')
  p - a blessed scroll of destroy armor
  i - an uncursed scroll of gold detection
  j - an uncursed scroll of magic mapping
  k - an uncursed scroll of teleportation
 Spellbooks  ('+')
  l - a blessed spellbook of force bolt
  m - an uncursed spellbook of healing
 Potions  ('!')
  f - an uncursed potion of gain energy
  g - an uncursed potion of speed
  h - an uncursed potion of water
 Rings    ('=')
  e - an uncursed ring of poison resistance
  d - an uncursed ring of stealth
 Wands    ('/')
  c - a wand of magic missile (0:4)
 Tools    ('(')
  o - an uncursed wooden flute
  s - an uncursed blindfold
  n - a magic marker (0:19)
  t - an uncursed oil lamp

Enkindle23 the Wizard's attributes:

Background:
 You were an Evoker, a level 2 female elven Wizard.
 You were chaotic, on a mission for Anhur
 who was opposed by Ptah (lawful) and Thoth (neutral).
 You were right-handed.
 You were in the Gnomish Mines, on level 3.
 You entered the dungeon 165 turns ago.
 You had 29 experience points, 11 more were needed to attain level 3.

Basics:
 You had 0 out of 17 hit points.
 You had 9 out of 15 energy points (spell power).
 Your armor class was 2.
 Your wallet contained 10 zorkmids.
 Autopickup was off.

Final Characteristics:
 Your strength was 12 (limit:18).
 Your dexterity was 12 (limit:18).
 Your constitution was 15 (limit:16).
 Your intelligence was 19 (limit:20).
 Your wisdom was 9 (limit:20).
 Your charisma was 8 (limit:18).

Final Status:
 You weren't hungry.
 You were unencumbered.
 You were wielding a quarterstaff.
 You had basic skill with quarterstaff.

Final Attributes:
 You were stridently aligned.
 You were magic-protected.
 You had infravision.
 You were guarded.
 You are dead.

Miscellaneous:
 You didn't encounter any bones levels.
 Total elapsed playing time was 1 minute and 40 seconds.

Major events:
 Turn
    1: Enkindle23 the chaotic female elven Wizard entered the dungeon
  123: entered the Gnomish Mines
  165: killed by a dwarf

Spells:
 Name                 Level Category     Fail Retention
 force bolt             1   attack         0%  91%-100%
 healing                1   healing        0%  76%-100%

Skills:
 Fighting Skills
   bare handed combat [Unskilled]
   riding             [Unskilled]
 Weapon Skills
   dagger             [Unskilled]
   knife              [Unskilled]
   axe                [Unskilled]
   short sword        [Unskilled]
   club               [Unskilled]
   mace               [Unskilled]
   quarterstaff       [Basic]
   polearms           [Unskilled]
   spear              [Unskilled]
   trident            [Unskilled]
   sling              [Unskilled]
   dart               [Unskilled]
   shuriken           [Unskilled]
 Spellcasting Skills
   attack spells      [Basic]
   healing spells     [Unskilled]
   divination spells  [Unskilled]
   enchantment spells [Basic]
   clerical spells    [Unskilled]
   escape spells      [Unskilled]
   matter spells      [Unskilled]

Voluntary challenges:
 Character rerolling was not enabled.
 You were an atheist.
 You were illiterate.
 You never genocided any monsters.
 You never polymorphed an object.
 You never changed form.
 You used no wishes.
Achievement:
 You entered the Gnomish Mines.

 The Dungeons of Doom: levels 1 to 2
    Level 1:
    Level 2:
       Stairs down to The Gnomish Mines.
 The Gnomish Mines:
    Level 3: <- You were here.
       Final resting place for
          you, killed by a dwarf.


Vanquished creatures:
  a gnome leader
  a gnome
  a jackal
  a goblin
  a grid bug
  a newt
6 creatures vanquished.

No species were genocided or became extinct.

Game over:
                       ----------
                      /          \
                     /    REST    \
                    /      IN      \
                   /     PEACE      \
                  /                  \
                  |    Enkindle23    |
                  |      10 Au       |
                  |   killed by a    |
                  |      dwarf       |
                  |                  |
                  |                  |
                  |       2026       |
                 *|     *  *  *      | *
        _________)/\\_//(\/(/\)/\//\/|_)_______

Goodbye Enkindle23 the Wizard...

You died in The Gnomish Mines on dungeon level 3 with 225 points,
and 10 pieces of gold, after 165 moves.
You were level 2 with a maximum of 17 hit points when you died.

